General information
- name: BNet
- type: Ladder team game (AT/RT)
- host: Battle.net
- saver: Hekate
map: Battleground
- players: 8
- length: 05:47
- speed: Fast
- version: 1.26 W3XP
- replay type: Public
» download(39 KB)
Players
team 1 (loser)

»
SneakSsSsS (
purple | 80 APM | 458 actions | 05:41)
2 Archmage
1 Summon Water Elemental
1 Brilliance Aura
» actions
| Assign group hotkey | 12 | |
| Basic commands | 4 | |
| Build / train | 28 | |
| ESC pressed | 2 | |
| Enter build submenu | 8 | |
| Enter hero's abilities submenu | 2 | |
| Right click | 190 | |
| Select / deselect | 72 | |
| Select group hotkey | 119 | |
| Use ability | 21 | |
458 total
» units
» buildings
| Farm | 3 | |
| Altar of Kings | 1 | |
| Barracks | 1 | |
| Scout Tower | 2 | |
| Keep | 2 | |
9 total
» build order
00:06 Farm
00:09 Altar of Kings
00:22 Farm
00:28 Barracks
01:57 Farm
02:56 Scout Tower
02:58 Scout Tower
04:24 Keep
littlerusty (
pink | 57 APM | 325 actions | 05:44)
2 Paladin
1 Holy Light
1 Divine Shield
» actions
| Assign group hotkey | 21 | |
| Basic commands | 19 | |
| Build / train | 22 | |
| Enter build submenu | 8 | |
| Enter hero's abilities submenu | 2 | |
| Right click | 90 | |
| Select / deselect | 60 | |
| Select group hotkey | 86 | |
| Use ability | 17 | |
325 total
» units
| Peasant | 11 | |
| Footman | 3 | |
| Rifleman | 3 | |
17 total
» buildings
| Altar of Kings | 1 | |
| Farm | 3 | |
| Barracks | 1 | |
| Scout Tower | 1 | |
| Arcane Vault | 1 | |
| Arcane Tower | 1 | |
| Blacksmith | 1 | |
| Keep | 1 | |
10 total
» build order
00:15 Altar of Kings
00:23 Farm
00:25 Farm
00:44 Barracks
01:49 Scout Tower
01:54 Farm
02:11 Arcane Vault
02:23 Arcane Tower
02:47 Blacksmith
05:15 Keep
The_Engineer (
orange | 33 APM | 186 actions | 05:42)
1 Blademaster
1 Wind Walk
» actions
| Build / train | 20 | |
| Enter build submenu | 9 | |
| Enter hero's abilities submenu | 1 | |
| Right click | 104 | |
| Select / deselect | 39 | |
| Use ability | 13 | |
186 total
» units
» buildings
| Orc Burrow | 3 | |
| Stronghold | 1 | |
| Altar of Storms | 1 | |
| War Mill | 1 | |
| Voodoo Lounge | 1 | |
| Beastiary | 2 | |
9 total
» build order
01:09 Orc Burrow
01:23 Stronghold
01:45 Altar of Storms
02:20 War Mill
02:53 Voodoo Lounge
03:50 Beastiary
04:34 Beastiary
04:36 Orc Burrow
05:13 Orc Burrow
player69 (
yellow | 41 APM | 187 actions | 04:34)
1 Archmage
1 Summon Water Elemental
» actions
| Build / train | 16 | |
| Enter build submenu | 6 | |
| Enter hero's abilities submenu | 1 | |
| Right click | 92 | |
| Select / deselect | 60 | |
| Use ability | 12 | |
187 total
» units
» buildings
| Altar of Kings | 1 | |
| Farm | 2 | |
| Barracks | 1 | |
| Scout Tower | 1 | |
| Keep | 1 | |
6 total
» build order
00:11 Altar of Kings
00:17 Farm
00:42 Barracks
01:28 Farm
02:35 Scout Tower
03:06 Keep
team 2 (winner)
Ransacked (
teal | 21 APM | 123 actions | 05:45)
1 Crypt Lord
1 Carrion Beetles
» actions
| Assign group hotkey | 1 | |
| Basic commands | 1 | |
| Build / train | 17 | |
| Enter build submenu | 7 | |
| Enter hero's abilities submenu | 1 | |
| Right click | 45 | |
| Select / deselect | 41 | |
| Select group hotkey | 1 | |
| Use ability | 9 | |
123 total
» units
| Acolyte | 3 | |
| Ghoul | 2 | |
| Crypt Fiend | 7 | |
12 total
» upgrades
| Creature Attack | 1 | |
| Creature Carapace | 1 | |
2 total
» buildings
| Ziggurat | 3 | |
| Crypt | 1 | |
| Graveyard | 1 | |
| Altar of Darkness | 1 | |
| Tomb of Relics | 1 | |
| Halls of the Dead | 1 | |
8 total
» build order
00:58 Ziggurat
01:00 Crypt
01:04 Graveyard
01:07 Altar of Darkness
01:16 Tomb of Relics
01:35 Ziggurat
02:10 Ziggurat
04:11 Halls of the Dead
JadiZZLe07 (
blue | 60 APM | 347 actions | 05:45)
2 Death Knight
1 Death Coil
1 Unholy Aura
» actions
| Assign group hotkey | 4 | |
| Basic commands | 3 | |
| Build / train | 24 | |
| Enter build submenu | 8 | |
| Enter hero's abilities submenu | 2 | |
| Right click | 204 | |
| Select / deselect | 69 | |
| Select group hotkey | 5 | |
| Use ability | 28 | |
347 total
» units
| Acolyte | 2 | |
| Ghoul | 1 | |
| Crypt Fiend | 4 | |
7 total
» upgrades
| Creature Attack | 1 | |
| Creature Carapace | 1 | |
2 total
» buildings
| Crypt | 1 | |
| Graveyard | 1 | |
| Ziggurat | 3 | |
| Altar of Darkness | 2 | |
| Tomb of Relics | 1 | |
| Halls of the Dead | 4 | |
| Nerubian Tower | 1 | |
13 total
» build order
00:29 Crypt
00:32 Graveyard
00:38 Ziggurat
01:02 Altar of Darkness
01:06 Altar of Darkness
01:21 Tomb of Relics
02:30 Ziggurat
03:28 Halls of the Dead
03:28 Halls of the Dead
03:29 Halls of the Dead
05:29 Ziggurat
05:31 Nerubian Tower
» items
| Rod of Necromancy | 1 | |
| Sacrificial Skull | 1 | |
| Dust of Appearance | 1 | |
| Scroll of Regeneration | 1 | |
| Lesser Clarity Potion | 1 | |
5 total

»
BigWomenBigCash (
red | 72 APM | 412 actions | 05:45)
2 Blademaster
1 Wind Walk
1 Critical Strike
» actions
| Assign group hotkey | 127 | |
| Build / train | 20 | |
| Enter build submenu | 9 | |
| Enter hero's abilities submenu | 2 | |
| Right click | 122 | |
| Select / deselect | 63 | |
| Select group hotkey | 53 | |
| Use ability | 16 | |
412 total
» units
» buildings
| Altar of Storms | 1 | |
| Orc Burrow | 4 | |
| Barracks | 1 | |
| Stronghold | 1 | |
| War Mill | 1 | |
| Voodoo Lounge | 1 | |
9 total
» build order
00:09 Altar of Storms
00:18 Orc Burrow
00:44 Barracks
01:28 Orc Burrow
04:05 Stronghold
04:06 War Mill
04:33 Voodoo Lounge
04:35 Orc Burrow
05:06 Orc Burrow
» items
| Scroll of Regeneration | 1 | |
| Healing Salve | 1 | |
| Lesser Clarity Potion | 1 | |
| Scroll of Speed | 1 | |
4 total
Hekate (
green | 74 APM | 428 actions | 05:47)
2 Blood Mage
1 Flame Strike
1 Siphon Mana
» actions
| Assign group hotkey | 27 | |
| Basic commands | 16 | |
| Build / train | 36 | |
| ESC pressed | 1 | |
| Enter build submenu | 7 | |
| Enter hero's abilities submenu | 2 | |
| Right click | 138 | |
| Select / deselect | 76 | |
| Select group hotkey | 89 | |
| Use ability | 36 | |
428 total
» units
| Peasant | 8 | |
| Footman | 11 | |
| Rifleman | 3 | |
22 total
» upgrades
» buildings
| Altar of Kings | 1 | |
| Barracks | 1 | |
| Farm | 3 | |
| Blacksmith | 1 | |
| Arcane Vault | 1 | |
| Keep | 1 | |
8 total
» build order
00:13 Altar of Kings
00:16 Barracks
00:20 Farm
00:55 Farm
01:35 Farm
02:01 Blacksmith
02:49 Arcane Vault
04:43 Keep
» items
Chat log
(00:07 / Allies) JadiZZLe07: wnna rush?
(00:11 / Allies) BigWomenBigCash: im down
(00:14 / Allies) BigWomenBigCash: oj likes to bm tech
(00:20 / Allies) JadiZZLe07: and pink is noob
(00:21 / Allies) BigWomenBigCash: p[layed with him 2 games ago
(00:23 / Allies) JadiZZLe07: 0 micro
(00:30 / Allies) Hekate: I did more than my allies last game with 1 hero
(00:34 / Allies) BigWomenBigCash: should scout to hit him
(00:35 / Allies) Hekate: 57 units killed 1 hero
(00:38 / Allies) Hekate: closest ally was 54
(01:51 / Allies) JadiZZLe07: ima fiend to necs/aboms/wagons possibly
(02:10 / Allies) JadiZZLe07: or fast necs
(02:14 / Allies) JadiZZLe07: for our push
(02:26 / Allies) JadiZZLe07: where u fellas eana hit?
(02:31 / Allies) BigWomenBigCash: yellow no tower
(02:38 / Allies) JadiZZLe07: hit here
(02:46 / Allies) JadiZZLe07: gogog
(02:48 / Allies) JadiZZLe07: otw asap
(03:13 / Allies) BigWomenBigCash: tower
(03:34 / Allies) BigWomenBigCash: nice f strikes man
(03:38 / Allies) Hekate: ty
(03:45 / Allies) Hekate: it's why I go bm, it instant kills workers
(03:50 / Allies) Hekate: especially at level 2 and 3
(04:02 / All) Hekate: tech outside on battlegrounds no towers is not a good idea
(04:15 / Allies) JadiZZLe07: GOIT dUST
(05:12 / Allies) Hekate: good work
(05:14 / Allies) BigWomenBigCash: hit soon
(05:35 / All) littlerusty: i can try